 Dungeon Crawl Stone Soup version 0.25.1-8-g42b30a86e7 (webtiles) character file.

Game seed: 6244184944990873533

89 Descartes the Shield-Bearer (level 4, -1/23 HPs)
             Began as a Vine Stalker Fighter on Dec 15, 2020.
             Succumbed to Crazy Yiuf's poison
             ... on level 2 of the Dungeon.
             The game lasted 00:02:47 (1545 turns).

Descartes the Shield-Bearer (Vine Stalker Fighter)  Turns: 1545, Time: 00:02:48

Health: -1/23      AC:  9    Str: 20    XL:     4   Next: 55%
Magic:  0/5        EV:  5    Int:  8    God:
Gold:   83         SH: 10    Dex: 13    Spells: 3/3 levels left

rFire    . . .     SeeInvis .   a - +0 war axe
rCold    . . .     Gourm    .   c - +0 kite shield
rNeg     . . .     Faith    .   r - +0 chain mail
rPois    .         Spirit   +   (no helmet)
rElec    .         Reflect  .   (no cloak)
rCorr    .         Harm     .   w - +0 pair of gloves
MR       .....                  (no boots)
Stlth    ..........             (no amulet)
HPRegen  0.47/turn              (no ring)
MPRegen  0.09/turn              (no ring)

@: lethally poisoned (-1 -> -3)
A: fangs 2, regeneration 1, magic shield, antimagic bite, no potion heal 3, rot
immunity
a: no special abilities


You were on level 2 of the Dungeon.
You were not hungry.

You visited 1 branch of the dungeon, and saw 2 of its levels.

You collected 83 gold pieces.

Inventory:

Hand Weapons
 a - a +0 war axe (weapon)
 b - a +0 hunting sling
 h - a +0 short sword of venom
Missiles
 l - 23 stones (quivered)
Armour
 c - a +0 kite shield (worn)
 g - a +0 scale mail
 r - a +0 chain mail (worn)
 w - a +0 pair of gloves (worn)
Scrolls
 e - 2 scrolls of teleportation {unknown}
 i - a scroll of enchant weapon {unknown}
 k - a scroll of fear {unknown}
 p - a scroll of amnesia {unknown}
 q - 3 scrolls of identify {unknown}
 u - a scroll of fog {unknown}
Potions
 d - a potion of might
 j - 2 potions of stabbing {unknown}
 m - a potion of mutation {unknown}
 n - a potion of degeneration {unknown}
 o - a potion of curing {unknown}
 t - a potion of ambrosia {unknown}
 v - a potion of haste {unknown}
 x - a potion of heal wounds {unknown}
Comestibles
 f - 2 rations
 s - a chunk of flesh


   Skills:
 - Level 2.6 Fighting
 - Level 1.7 Axes
 - Level 2.4 Armour
 + Level 4.7 Shields


You had 3 spell levels left.
You didn't know any spells.
Your spell library was empty.

Dungeon Overview and Level Annotations

Branches:
Dungeon (2/15)

Altars:

Annotations:
D:2 Crazy Yiuf


Innate Abilities, Weirdness & Mutations

You have extremely sharp teeth.
Your natural rate of healing is unusually fast.
When hurt, damage is shared between your health and your magic reserves.
Your bite disrupts and absorbs the magic of your enemies.
Potions cannot restore your health.
You are immune to rotting.


Message History

You closely miss Crazy Yiuf.
Crazy Yiuf is moderately wounded.
You block Crazy Yiuf's attack.
You hit Crazy Yiuf but do no damage. Your bite misses Crazy Yiuf.
Crazy Yiuf is moderately wounded.
Crazy Yiuf cries, "Tonal sing action!"
Crazy Yiuf hits you with a +4 quarterstaff of chaos!
Crazy Yiuf draws strength from your wounds!
You slash Crazy Yiuf!
Crazy Yiuf is severely wounded.
Crazy Yiuf screams, "Cod infinity wrapper!"
Crazy Yiuf hits you with a +4 quarterstaff of chaos!
* * * LOW HITPOINT WARNING * * *
Crazy Yiuf draws strength from your wounds!
Crazy Yiuf hits you with a +4 quarterstaff of chaos.
* * * LOW HITPOINT WARNING * * *
You are lethally poisoned!
You hit Crazy Yiuf but do no damage. Your bite misses Crazy Yiuf.
Crazy Yiuf is severely wounded.
You die...

#.#.####.#<##.##
##### #.#.##.#
####.#....#
#####
#......#..##
#)..#
######......
#...# #..####
... #..# #g#
#..# ♣@♣♣
#..#### ♣♣.♣
#....). ♣.♣♣
##.#### ♣♣.♣
######.# ♣♣.♣♣
##......####
♣♣...♣
#...######.)
♣....♣
##..........
#....#
#.#######.#
##..## #.# #.#


You could see Crazy Yiuf.

Vanquished Creatures
  Jessica (D:2)
  Terence (D:2)
  A dart slug (D:1)
  2 giant cockroaches (D:1)
  8 goblins
  6 hobgoblins
  6 kobolds
  3 bats
  A frilled lizard (D:2)
  5 rats
34 creatures vanquished.

Notes
Turn   | Place    | Note
-------+----------+-------------------------------------------
     0 | D:1      | Descartes the Vine Stalker Fighter began the quest for the
                  | Orb.
     0 | D:1      | Reached XP level 1. HP: 11/11 MP: 2/2
   158 | D:1      | Reached skill level 3 in Shields
   175 | D:1      | Reached XP level 2. HP: 15/16 MP: 3/3
   875 | D:2      | Reached XP level 3. HP: 19/19 MP: 4/4
  1128 | D:2      | Reached skill level 4 in Shields
  1135 | D:2      | Noticed Jessica
  1139 | D:2      | Killed Jessica
  1139 | D:2      | Gained mutation: Your natural rate of healing is unusually
                  | fast. [Vine Stalker growth]
  1139 | D:2      | Reached XP level 4. HP: 23/23 MP: 5/5
  1343 | D:2      | Noticed Terence
  1347 | D:2      | Killed Terence
  1429 | D:2      | Found a runed translucent door.
  1430 | D:2      | Noticed Crazy Yiuf
  1544 | D:2      | HP: 1/23 [Crazy Yiuf/+4 quarterstaff of chaos (2)]
  1545 | D:2      | Succumbed to Crazy Yiuf's poison

Illustrated notes

Levels and vault maps discovered:
D:1:      eino_arrival_druids_welcome, layout_loops_ring
D:2:      layout_loops_ring, uniq_crazy_yiuf_cottage, uniq_terence, uniq_jessica

Skill      XL: |  1  2  3 |
---------------+----------+-----
Shields        | 3 4 |  4.7
Fighting       | |  2.6
Axes           | |  1.7
Armour         | |  2.4

Action                   |  1- 3 |  4- 6 || total
-------------------------+-------+-------++-------
Melee: War axe           |    77 |    15 ||    92
       Bite              |    18 |     9 ||    27
  Eat: Chunk             |     1 |     1 ||     2
Armor: Scale mail        |    17 |       ||    17
       Chain mail        |    10 |       ||    10
Dodge: Dodged            |    11 |     3 ||    14
Block: Kite shield       |    39 |     4 ||    43
